 Dungeon Crawl Stone Soup version 0.31-a0-182-gc5ef74bbde (webtiles) character file.

Game seed: 13635772204237041783

1513 qw the Cleaver (level 8, -2/51 HPs)
             Began as a Gargoyle Fighter on June 20, 2023.
             Slain by an unseen horror (7 damage)
             ... on level 6 of the Dungeon.
             The game lasted 00:02:19 (4881 turns).

qw the Cleaver (Gargoyle Fighter)                   Turns: 4881, Time: 00:02:19

Health: -2/51      AC: 19    Str: 21    XL:     8   Next: 83%
Magic:  8/8        EV: 10    Int: 12    God:
Gold:   293        SH:  4    Dex:  9    Spells: 7/7 levels left

rFire   . . .        Y - +1 war axe
rCold   . . .        c - +0 buckler
rNeg    + . .        j - +4 scale mail "Dorac" {Rampage +Blink rPois Int+2}
rPois   inf          (no helmet)
rElec   +            m - +0 cloak
rCorr   .            i - +0 pair of gloves
SInv    .            h - +0 pair of boots
Will    .....        (no amulet) Stlth
                     (no ring)
HPRegen 0.28/turn    (no ring)
MPRegen 0.11/turn

%: rampage
@: no status effects
A: sickness immunity, AC +5, negative energy resistance 1, electricity
resistance, torment resistance 1, petrification resistance
a: Evoke Blink


You were on level 6 of the Dungeon.
You visited 1 branch of the dungeon, and saw 6 of its levels.

You collected 293 gold pieces.


Innate Abilities, Weirdness & Mutations

You are immune to sickness and miasma.
Your stone body is resilient. (AC +5)
You are immune to poison.
You resist negative energy. (rN+)
You are resistant to electric shocks. (rElec)
You are resistant to unholy torment.
You are immune to petrification.


   Skills:
 - Level 6.0 Fighting
 + Level 8.6 Axes
 - Level 3.2 Armour
 - Level 2.1 Dodging
 - Level 3.2 Shields


You had 7 spell levels left.
You didn't know any spells.
Your spell library was empty.

Inventory:

Hand Weapons
 e - a +0 morningstar
 Y - a +1 war axe (weapon)
Armour
 c - a +0 buckler (worn)
 h - a +0 pair of boots (worn)
 i - a +0 pair of gloves (worn)
 j - the +4 scale mail "Dorac" (worn) {Rampage +Blink rPois Int+2}
   (You found it on level 4 of the Dungeon)

   Int:       It affects your intelligence (+2).
   rPois:     It protects you from poison.
   +Blink:    It lets you blink.
   Rampage:   It bestows one free step when moving towards enemies.
 m - a +0 cloak (worn)
Jewellery
 p - an amulet of the acrobat
Scrolls
 a - 4 scrolls of identify
Potions
 d - a potion of might
 f - 2 potions of enlightenment
 g - a potion of haste
 k - a potion of lignification
 l - a potion of cancellation
 o - a potion of attraction {unknown}

Dungeon Overview and Level Annotations

Branches:
Dungeon (6/15)
 Temple: D:4-7

Altars:
The Shining One

Shops:
D:1 [   D:6 [


Message History

Something hits you but does no damage. Something hits you!
You swing at nothing.
Something hits you but does no damage.
You barely miss something. Something hits you.
Something hits you but does no damage.
You hit something. Something hits you but does no damage.
You slash something! Something hits you! Something hits you but does no damage.
You swing at nothing.
You slash something!
Something hits you but does no damage. x2
You hit something. Something hits you.
You miss something. Something hits you but does no damage.
You miss something. Something hits you!
You swing at nothing.
Something hits you but does no damage.
You swing at nothing.
Something hits you but does no damage.
You barely miss something. Something hits you but does no damage.
Something hits you.
You swing at nothing.
You miss something. Something hits you!
You miss something. Something hits you but does no damage.
You swing at nothing.
Something hits you but does no damage.
You barely miss something. Something hits you.
You swing at nothing.
Something hits you but does no damage.
You swing at nothing.
Something hits you.
You swing at nothing.
Something hits you!
You die...

#..........#.#
#####....###.#
#.###..#.#
#.#.#..#.# ###
#.#....#.#
...#.#.#.##.#
#####.#.#.#....#
........#.######
.......@....)....
##....###.#######
#... #.# #.. #.#
#. #.# # #.# #.#
# .# ######
#.....


There were no monsters in sight!

Vanquished Creatures
  Maggie (D:6)
  Prince Ribbit (D:6)
  3 black bears
  2 ogres (D:5)
  Blork the orc (D:5)
  3 scorpions
  2 hounds (D:6)
  2 orc priests (D:6)
  2 iguanas (D:6)
  3 gnolls (D:4)
  7 adders
  A shadow imp (D:6)
  A white imp (D:5)
  A worm (D:3)
  2 dart slugs
  7 orcs
  6 endoplasms
  7 giant cockroaches
  10 goblins
  4 hobgoblins
  2 jackals (D:1)
  9 kobolds
  4 quokkas
  10 ball pythons
  3 bats
  6 frilled lizards
  2 rats
102 creatures vanquished.

Notes
Turn   | Place    | Note
-------+----------+-------------------------------------------
     0 | D:1      | qw the Gargoyle Fighter began the quest for the Orb.
     0 | D:1      | Reached XP level 1. HP: 14/14 MP: 1/1
     0 | D:1      | 0 ||| qw: Version: 0.3-a-9-g12657ce
     0 | D:1      | 0 ||| qw: Game counter: 1323
     0 | D:1      | 0 ||| qw: Always use a shield: true
     0 | D:1      | 0 ||| qw: God list: Okawaru
     0 | D:1      | 0 ||| qw: Allow faded altars: false
     0 | D:1      | 0 ||| qw: Do Orc after D:15 true
     0 | D:1      | 0 ||| qw: Do second Lair branch before Depths: true
     0 | D:1      | 0 ||| qw: Lair rune preference: random
     0 | D:1      | 0 ||| qw: Plans: Normal, Zot:1-4, Slime:5, God:TSO, Crypt,
                  | Tomb, Abyss, Pan, Hells, Win
     0 | D:1      | 0 ||| PLANNING D:1-11
   119 | D:1      | Reached skill level 2 in Axes
   217 | D:1      | Reached XP level 2. HP: 19/19 MP: 2/2
   321 | D:1      | 321 ||| Stepping ~*~*~tactically~*~*~ (stealth).
   375 | D:1      | 375 ||| Stepping ~*~*~tactically~*~*~ (hiding).
   544 | D:1      | Found Amaehael's Armour Boutique.
   553 | D:1      | 553 ||| SHOPLISTING +0 chain mail (49 gold, have 36).
   553 | D:1      | 553 ||| SHOPLISTING +0 pair of gloves (49 gold, have 36).
   572 | D:1      | Reached skill level 3 in Axes
   579 | D:1      | Reached XP level 3. HP: 23/23 MP: 3/3
   589 | D:1      | 589 ||| UPGRADING to +0 pair of boots.
   616 | D:1      | 616 ||| Stepping ~*~*~tactically~*~*~ (hiding).
   618 | D:1      | 618 ||| Stepping ~*~*~tactically~*~*~ (hiding).
   783 | D:1      | 783 ||| Stepping ~*~*~tactically~*~*~ (stealth).
   784 | D:1      | 784 ||| Stepping ~*~*~tactically~*~*~ (stealth).
   786 | D:1      | 786 ||| Stepping ~*~*~tactically~*~*~ (stealth).
   808 | D:1      | 808 ||| DROPPING +0 whip.
  1118 | D:1      | 1118 ||| READING 2 scrolls labelled FUFUMA MINELIN.
  1119 | D:1      | 1119 ||| READING scroll labelled WETHEA FAINT.
  1122 | D:1      | 1122 ||| DRINKING 2 sedimented brown potions.
  1123 | D:1      | 1123 ||| DRINKING 2 golden potions.
  1124 | D:1      | 1124 ||| DROPPING potion of invisibility.
  1125 | D:1      | 1125 ||| DROPPING potion of brilliance.
  1162 | D:2      | 1162 ||| Stepping ~*~*~tactically~*~*~ (stealth).
  1164 | D:2      | 1164 ||| Stepping ~*~*~tactically~*~*~ (stealth).
  1165 | D:2      | 1165 ||| Stepping ~*~*~tactically~*~*~ (stealth).
  1166 | D:2      | 1166 ||| Stepping ~*~*~tactically~*~*~ (stealth).
  1183 | D:2      | 1183 ||| Stepping ~*~*~tactically~*~*~ (hiding).
  1215 | D:2      | Identified the +3 leather armour of the Baker {rElec rPois
                  | MP+9 Dex-5}
  1246 | D:2      | 1246 ||| Stepping ~*~*~tactically~*~*~ (hiding).
  1257 | D:2      | Reached XP level 4. HP: 25/28 MP: 4/4
  1473 | D:2      | 1473 ||| DROPPING +3 leather armour of the Baker {rElec
                  | rPois MP+9 Dex-5}.
  1474 | D:2      | 1474 ||| UPGRADING to +0 cloak.
  1479 | D:2      | 1479 ||| READING scroll labelled HINGUB CEGHO.
  1480 | D:2      | 1480 ||| READING scroll labelled NANUPS FASU.
  1481 | D:2      | 1481 ||| READING scroll labelled EDIUW TI FAS.
  1482 | D:2      | 1482 ||| DRINKING 2 brown potions.
  1726 | D:3      | Noticed a scorpion
  1740 | D:3      | Killed a scorpion
  1741 | D:3      | Reached skill level 4 in Axes
  1741 | D:3      | Reached XP level 5. HP: 25/32 MP: 5/5
  2045 | D:3      | Reached skill level 5 in Axes
  2366 | D:3      | 2366 ||| UPGRADING to +0 pair of gloves.
  2371 | D:3      | 2371 ||| READING scroll labelled PAULIR CAPSAN.
  2372 | D:3      | 2372 ||| READING scroll labelled FUUMOUJ CILL.
  2373 | D:3      | 2373 ||| READING scroll labelled PERUNU RYOSTROI.
  2423 | D:4      | Noticed a black bear
  2428 | D:4      | HP: 5/32 [black bear (4)]
  2429 | D:4      | 2429 ||| READING scroll of teleportation.
  2437 | D:4      | Reached XP level 6. HP: 8/37 MP: 6/6
  2550 | D:4      | 2550 ||| DROPPING +0 mace.
  2556 | D:4      | Identified the +4 scale mail "Dorac" {Rampage +Blink rPois
                  | Int+2}
  2569 | D:4      | 2569 ||| Stepping ~*~*~tactically~*~*~ (hiding).
  2632 | D:4      | Killed a black bear
  2957 | D:4      | Noticed a black bear
  2964 | D:4      | Killed a black bear
  2965 | D:4      | Reached XP level 7. HP: 42/44 MP: 7/7
  3203 | D:4      | 3203 ||| UPGRADING to +4 scale mail "Dorac" {Rampage +Blink
                  | rPois Int+2}.
  3213 | D:4      | 3213 ||| DROPPING +0 scale mail.
  3214 | D:4      | 3214 ||| DRINKING 2 bubbling clear potions.
  3215 | D:4      | 3215 ||| READING 3 scrolls of identify.
  3215 | D:4      | 3215 ||| IDENTIFYING red potion
  3216 | D:4      | 3216 ||| READING 2 scrolls of identify.
  3216 | D:4      | 3216 ||| IDENTIFYING metallic white potion
  3227 | D:5      | Entered Level 5 of the Dungeon
  3254 | D:5      | Found a glowing golden altar of the Shining One.
  3278 | D:5      | 3278 ||| Stepping ~*~*~tactically~*~*~ (hiding).
  3313 | D:5      | Noticed Blork the orc
  3323 | D:5      | 3323 ||| FLEEEEING.
  3324 | D:5      | 3324 ||| FLEEEEING.
  3325 | D:5      | 3325 ||| FLEEEEING.
  3326 | D:5      | 3326 ||| FLEEEEING.
  3327 | D:5      | 3327 ||| FLEEEEING.
  3328 | D:5      | 3328 ||| FLEEEEING.
  3363 | D:5      | Killed Blork the orc
  3381 | D:5      | Reached skill level 6 in Axes
  3386 | D:5      | 3386 ||| Stepping ~*~*~tactically~*~*~ (stealth).
  3679 | D:5      | 3679 ||| Stepping ~*~*~tactically~*~*~ (hiding).
  4021 | D:5      | 4021 ||| Stepping ~*~*~tactically~*~*~ (stealth).
  4145 | D:5      | 4145 ||| READING scroll labelled USOYFY TIHOETS.
  4146 | D:5      | 4146 ||| READING scroll labelled XAL TISAANKE.
  4147 | D:5      | 4147 ||| READING 5 scrolls of identify.
  4147 | D:5      | 4147 ||| IDENTIFYING inky potion
  4228 | D:6      | Noticed Prince Ribbit
  4244 | D:6      | Reached skill level 7 in Axes
  4245 | D:6      | Killed Prince Ribbit
  4246 | D:6      | Reached skill level 6 in Fighting
  4246 | D:6      | Reached XP level 8. HP: 41/51 MP: 8/8
  4276 | D:6      | 4276 ||| Stepping ~*~*~tactically~*~*~ (stealth).
  4277 | D:6      | 4277 ||| Stepping ~*~*~tactically~*~*~ (stealth).
  4500 | D:6      | 4500 ||| Stepping ~*~*~tactically~*~*~ (hiding).
  4631 | D:6      | Found Rojuph's Armour Boutique.
  4749 | D:6      | Noticed Maggie
  4767 | D:6      | HP: 11/51 [Maggie/+1 broad axe of pain (5)]
  4768 | D:6      | 4768 ||| READING scroll of teleportation.
  4769 | D:6      | 4769 ||| DRINKING potion of heal wounds.
  4770 | D:6      | Killed Maggie
  4771 | D:6      | Reached skill level 8 in Axes
  4875 | D:6      | HP: 8/51 [something (8)]
  4880 | D:6      | HP: 5/51 [something (3)]
  4881 | D:6      | Slain by an unseen horror

Levels and vault maps discovered:
D:1:      dpeg_arrival_signposts, layout_loops_cross, serial_shops, shop,
          nicolae_the_louvre
D:2:      layout_rooms, fountainhead
D:3:      kennysheep_six_static_rooms, layout_basic, nrook_mini_vaults,
          kennysheep_generic_room_3
D:4:      layout_basic, roderic_roman_lattice, nrook_mini_backslash
D:5:      layout_basic, tso_metal_star, serial_rivers,
          chequers_serial_rivers_marsh, chequers_serial_rivers_small_a,
          chequers_serial_rivers_room_b, chequers_serial_rivers_micro_e,
          uniq_blork_the_orc
D:6:      layout_basic, general_overflow_altar, serial_shops, shop,
          nicolae_shop_behind_doors, uniq_prince_ribbit1, uniq_maggie

Skill      XL: |  1  2  3  4  5  6  7  8 |
---------------+-------------------------+-----
Axes           | 2 3 4 5 7 8 |  8.6
Fighting       | 4 6 |  6.0
Dodging        | 2 |  2.1
Armour         | |  3.2
Shields        | |  3.2

Action                     |  1- 3 |  4- 6 |  7- 9 || total
---------------------------+-------+-------+-------++-------
  Melee: War axe           |   121 |   115 |   115 ||   351
  Throw: Boomerang         |       |     7 |    22 ||    29
    Use: Scroll            |     2 |     7 |     6 ||    15
         Potion            |     2 |     1 |     2 ||     5
 Armour: Scale mail        |    73 |    64 |    70 ||   207
  Dodge: Dodged            |    63 |    51 |    54 ||   168
  Block: Buckler           |    28 |    23 |    18 ||    69

Table legend:
 A = Non-vault XP
 B = Vault XP
 C = Vault XP percentage of total XP
 D = Non-vault monster count
 E = Vault monster count
 F = Vault count percentage of total count
                 A         B        C        D         E       F
            +---------+---------+-------+---------+---------+-------
      Total |    1209 |     953 |  44.1 |      92 |      10 |   9.8
            +---------+---------+-------+---------+---------+-------
        D:1 |      56 |       0 |   0.0 |      32 |       0 |   0.0
        D:2 |      31 |       0 |   0.0 |      11 |       0 |   0.0
        D:3 |      12 |     201 |  94.4 |       8 |       7 |  46.7
        D:4 |     347 |       0 |   0.0 |      20 |       0 |   0.0
        D:5 |     394 |      90 |  18.6 |       6 |       1 |  14.3
        D:6 |     369 |     662 |  64.2 |      15 |       2 |  11.8
            +---------+---------+-------+---------+---------+-------
